Map: Ley Lines

Players

FalconsSolar (Solar)

  • Race: Zerg Zerg
  • Spawn Location: 7:00

Reynor - Winner!

  • Race: Zerg Zerg
  • Spawn Location: 1:00

Event: DreamHack Dallas 2025

VOD

Have the link to the VOD?

Description

Time

  • Played on: May 24, 2025, 7:50 p.m.
  • Length: 18:26

All games in this series

Show
View Real Time Build Order
Export as new Build Order

FalconsSolar Zerg 

Build Orders: Hatch First, Lurkers, Roach Hydra 

Get SALT Encoding   

  12  0:00  Drone  
  13  0:07  Drone  
  13  0:14  Drone, Extractor  
  15  0:21  Overlord  
  15  0:40  Drone  
  16  0:46  Hatchery  
  16  0:49  Drone  
  16  0:51  Drone  
  16  0:55  Drone  
  18  1:05  Extractor  
  18  1:10  Spawning Pool  
  16  1:13  Drone  
  16  1:16  Drone  
  18  1:26  Drone  
  19  1:39  Drone  
  20  1:48  Drone  
  21  1:57  Queen x2  
  21  1:58  Zergling x2  
  21  2:00  Overlord  
  26  2:05  Metabolic Boost  
  26  2:09  Drone  
  26  2:11  Drone  
  28  2:19  Zergling x2  
  28  2:20  Drone  
  30  2:33  Hatchery  
  30  2:36  Drone  
  30  2:38  Drone  
  31  2:46  Drone  
  31  2:47  Baneling Nest  
  31  2:49  Drone  
  32  2:54  Overlord  
  32  2:56  Drone  
  33  3:04  Roach Warren  
  32  3:07  Zergling x2  
  32  3:10  Zergling x2  
  32  3:12  Drone  
  35  3:15  Zergling x2  
  35  3:18  Overlord  
  36  3:22  Overlord  
  35  3:44  Roach x6  
  35  3:46  Roach  
  49  3:49  Roach  
  49  3:53  Baneling  
  51  3:57  Zergling x6  
  51  3:58  Baneling  
  51  4:00  Zergling x2  
  55  4:07  Zergling x6  
  58  4:14  Zergling x6  
  58  4:16  Zergling x2  
  62  4:19  Overlord  
  62  4:22  Zergling x2  
  63  4:25  Zergling x4  
  63  4:30  Zergling x2  
  65  4:33  Overlord  
  67  4:50  Drone x5  
  70  4:53  Drone x3  
  70  4:59  Evolution Chamber  
  72  5:00  Queen  
  72  5:05  Drone  
  75  5:08  Drone  
  75  5:10  Extractor  
  75  5:11  Drone  
  75  5:12  Drone x2  
  75  5:15  Drone  
  75  5:19  Lair  
  76  5:23  Drone  
  76  5:24  Drone x2  
  76  5:25  Drone  
  81  5:28  Drone  
  81  5:30  Drone  
  81  5:32  Overlord  
  82  5:37  Drone, Extractor  
  82  5:39  Drone  
  82  5:41  Drone  
  82  5:45  Zerg Ground Armor Level 1  
  82  5:46  Overlord  
  82  5:48  Overlord  
  82  5:51  Drone x2  
  82  5:52  Drone  
  82  5:55  Drone  
  82  5:56  Extractor  
  85  5:57  Drone  
  85  6:01  Roach x2  
  85  6:03  Overlord  
  89  6:09  Drone  
  89  6:10  Roach  
  89  6:11  Extractor, Roach  
  93  6:15  Roach x2  
  93  6:17  Glial Reconstitution  
  97  6:21  Overlord  
  97  6:22  Roach  
  97  6:23  Roach  
  100  6:27  Overseer  
  100  6:28  Drone  
  100  6:30  Drone  
  100  6:32  Overlord x2  
  102  6:34  Roach  
  102  6:36  Roach  
  106  6:41  Roach x2  
  106  6:45  Roach x2  
  114  6:49  Roach x2  
  114  6:53  Roach  
  120  6:56  Roach x2  
  120  6:58  Roach  
  126  7:02  Roach x2  
  130  7:08  Drone x2  
  130  7:09  Drone, Hydralisk Den  
  130  7:11  Drone  
  130  7:12  Drone  
  130  7:13  Roach  
  136  7:16  Overlord  
  136  7:22  Drone x2  
  137  7:28  Overlord  
  137  7:29  Drone  
  132  7:30  Drone  
  132  7:32  Spore Crawler  
  132  7:35  Spore Crawler  
  127  7:39  Zerg Missile Weapons Level 1  
  127  7:40  Muscular Augments  
  127  7:41  Hydralisk x2  
  127  7:42  Hydralisk  
  131  7:46  Spore Crawler  
  131  7:47  Hydralisk  
  131  7:49  Hydralisk  
  132  7:51  Hydralisk  
  132  7:54  Drone  
  132  7:55  Drone  
  134  7:59  Overlord x2  
  134  8:01  Overlord  
  134  8:04  Overlord  
  134  8:07  Overlord  
  134  8:11  Overlord  
  134  8:13  Overlord  
  134  8:17  Overlord  
  134  8:18  Hydralisk  
  136  8:22  Roach x2  
  136  8:25  Hydralisk  
  142  8:28  Hydralisk  
  142  8:31  Hydralisk  
  148  8:34  Roach x2  
  148  8:38  Roach x2  
  148  8:40  Hydralisk  
  156  8:44  Hydralisk, Grooved Spines  
  156  8:48  Roach x2  
  162  8:49  Ravager x2  
  162  8:50  Ravager x2  
  162  8:54  Roach x2  
  170  8:58  Roach x2  
  170  8:59  Overlord  
  174  9:03  Overlord  
  174  9:04  Overlord  
  174  9:09  Roach x2  
  178  9:13  Overlord x2  
  175  9:17  Roach x2  
  175  9:21  Roach x2  
  175  9:24  Roach  
  185  9:25  Roach  
  187  9:32  Roach  
  187  9:35  Roach x4  
  187  9:37  Roach  
  197  9:41  Roach x2  
  197  9:44  Roach  
  196  9:50  Roach x4  
  196  9:52  Roach  
  160  9:56  Roach x2  
  160  9:59  Hydralisk  
  139  10:03  Drone x2  
  139  10:04  Drone  
  139  10:06  Drone  
  134  10:07  Drone  
  134  10:10  Drone  
  134  10:12  Drone  
  131  10:17  Hydralisk x2  
  127  10:22  Lurker Den  
  127  10:24  Drone  
  127  10:25  Drone  
  127  10:26  Drone  
  130  10:28  Drone  
  130  10:31  Extractor  
  130  10:34  Drone  
  130  10:35  Zerg Missile Weapons Level 2  
  130  10:37  Drone  
  130  10:39  Drone  
  132  10:43  Drone, Infestation Pit  
  132  10:45  Drone  
  132  10:46  Drone  
  134  10:58  Roach  
  134  10:59  Hatchery  
  135  11:05  Pneumatized Carapace  
  135  11:07  Drone  
  136  11:12  Roach x3  
  136  11:17  Hydralisk  
  144  11:19  Lurker x5  
  144  11:22  Drone x2  
  144  11:25  Hydralisk x2  
  151  11:29  Drone  
  154  11:33  Overseer  
  154  11:36  Roach x3  
  160  11:42  Drone  
  160  11:49  Hive  
  159  11:55  Hydralisk x4  
  159  11:58  Roach x2  
  159  11:59  Roach  
  161  12:04  Roach x2  
  161  12:05  Roach  
  163  12:12  Roach  
  165  12:16  Lurker  
  165  12:17  Lurker  
  165  12:18  Hatchery  
  166  12:27  Drone x3  
  169  12:30  Hydralisk x4  
  169  12:33  Drone, Hydralisk  
  180  12:40  Hydralisk  
  180  12:41  Roach x2  
  180  12:42  Roach  
  183  12:44  Roach  
  183  12:48  Roach  
  183  12:49  Overseer  
  179  12:52  Lurker  
  179  12:56  Roach x2  
  184  13:01  Roach x3  
  190  13:17  Roach x5  
  200  13:20  Seismic Spines  
  200  13:25  Roach  
  198  13:38  Roach x2  
  197  13:46  Roach  
  193  13:49  Roach x3  
  193  13:51  Overlord  
  189  13:57  Roach x2  
  189  13:59  Roach x2  
  189  14:00  Roach  
  195  14:04  Roach x2  
  195  14:07  Nydus Network  
  198  14:10  Overlord  
  198  14:17  Adaptive Talons  
  198  14:23  Lurker x2  
  200  14:24  Hatchery  
  200  14:31  Overseer  
  197  14:41  Hydralisk  
  199  14:45  Spore Crawler  
  199  14:49  Hydralisk x4  
  196  14:54  Roach x2  
  196  15:00  Roach x2  
  196  15:06  Overlord  
  200  15:09  Overlord  
  200  15:11  Overlord  
  200  15:14  Overseer, Overlord  
  200  15:20  Overlord  
  200  15:21  Overlord  
  194  15:24  Overlord  
  194  15:25  Viper x2  
  194  15:27  Zerg Missile Weapons Level 3  
  198  15:29  Unknown  
  198  15:31  Overseer  
  197  15:39  Overseer  
  197  15:47  Lurker x3  
  200  15:56  Spore Crawler  
  199  15:58  Drone  
  200  16:06  Overseer  
  200  16:22  Nydus Canal  
  187  16:25  Hydralisk x7  
  187  16:26  Hydralisk  
  187  16:31  Hydralisk  
  187  16:32  Hydralisk x7  
  198  16:35  Roach  
  198  16:36  Roach  
  198  16:39  Roach x3  
  194  16:42  Roach  
  187  16:47  Roach x3  
  187  16:53  Roach x2  
  186  16:56  Roach x3  
  186  16:59  Roach  
  161  17:07  Hydralisk x2  
  156  17:09  Roach  
  156  17:14  Roach  
  146  17:16  Roach  
  146  17:22  Drone x2  
  131  17:23  Hydralisk x3  
  131  17:26  Drone  
  119  17:32  Drone x2  
  119  17:35  Viper  
  124  17:45  Lurker x3  
  124  17:49  Roach x2  
  126  17:51  Roach x2  
  126  17:55  Roach  
  126  17:58  Roach  
Show
View Real Time Build Order
Export as new Build Order

Reynor Zerg - Winner!

Build Orders: Hatch First, Lurkers 

Get SALT Encoding   

  12  0:00  Drone  
  13  0:09  Drone  
  14  0:15  Drone, Extractor  
  15  0:21  Overlord  
  15  0:41  Drone  
  15  0:42  Drone  
  17  0:48  Hatchery  
  16  0:52  Drone  
  16  0:56  Drone  
  18  1:07  Extractor  
  18  1:10  Spawning Pool  
  16  1:13  Drone  
  16  1:17  Drone  
  18  1:26  Drone  
  19  1:37  Drone  
  20  1:48  Drone  
  21  1:58  Overlord  
  21  1:59  Queen  
  21  2:00  Drone, Queen  
  26  2:09  Drone, Metabolic Boost  
  26  2:11  Drone  
  28  2:20  Drone  
  28  2:21  Drone  
  30  2:31  Zergling x2  
  30  2:32  Drone  
  30  2:36  Hatchery  
  31  2:41  Drone  
  32  2:45  Drone  
  32  2:47  Baneling Nest  
  32  2:52  Overlord  
  32  2:54  Drone  
  33  3:02  Drone  
  33  3:05  Zergling x2  
  35  3:08  Zergling x2  
  35  3:11  Zergling x6  
  35  3:12  Drone x2  
  41  3:17  Overlord  
  41  3:21  Drone  
  41  3:24  Roach Warren  
  41  3:28  Drone  
  41  3:29  Drone  
  43  3:37  Baneling  
  43  3:38  Drone x4, Evolution Chamber  
  43  3:40  Drone  
  43  3:41  Drone  
  48  3:43  Baneling  
  48  3:47  Drone  
  48  3:48  Overlord, Extractor  
  49  3:51  Drone  
  49  4:02  Drone x2  
  52  4:10  Drone x3  
  52  4:14  Overlord  
  61  4:17  Roach x4  
  61  4:23  Spine Crawler  
  61  4:24  Spine Crawler  
  59  4:25  Roach x3  
  59  4:30  Baneling  
  59  4:31  Spine Crawler  
  60  4:33  Baneling  
  60  4:39  Roach x3  
  60  4:42  Extractor  
  60  4:43  Overlord  
  65  4:48  Overlord  
  65  4:50  Extractor  
  64  4:52  Overlord  
  64  4:56  Lair  
  64  5:02  Drone x3  
  64  5:03  Overlord  
  67  5:08  Drone  
  67  5:12  Evolution Chamber  
  67  5:14  Roach  
  67  5:15  Roach  
  71  5:22  Drone x3  
  71  5:25  Roach x2  
  78  5:41  Hatchery  
  81  5:43  Roach x4  
  81  5:47  Overlord  
  85  5:54  Spire  
  85  5:56  Drone  
  85  6:01  Zerg Missile Weapons Level 1  
  85  6:04  Overseer  
  85  6:06  Roach x2  
  85  6:09  Roach  
  85  6:11  Roach  
  93  6:13  Roach  
  95  6:18  Overlord  
  95  6:20  Roach  
  95  6:24  Roach  
  99  6:27  Overlord  
  99  6:33  Overlord  
  99  6:35  Overlord  
  99  6:42  Drone x3  
  99  6:43  Drone x2  
  104  6:51  Overlord  
  104  6:59  Drone x3  
  107  7:05  Mutalisk x3, Roach x2  
  107  7:08  Mutalisk  
  117  7:11  Roach  
  117  7:15  Roach x2  
  125  7:17  Mutalisk  
  125  7:22  Mutalisk  
  128  7:46  Glial Reconstitution  
  128  7:47  Queen  
  128  7:49  Roach x3  
  134  7:53  Drone x2  
  134  7:54  Overlord  
  134  7:55  Overlord  
  134  7:56  Zerg Missile Weapons Level 2  
  134  7:59  Roach  
  134  8:00  Hatchery  
  134  8:02  Roach  
  137  8:07  Overlord  
  139  8:13  Roach x3  
  139  8:14  Roach  
  145  8:25  Drone x2  
  145  8:26  Roach x2  
  151  8:27  Roach  
  153  8:34  Ravager x3  
  153  8:35  Overlord  
  153  8:37  Drone  
  157  8:43  Drone  
  157  8:48  Ravager x2  
  159  8:49  Extractor  
  159  8:50  Roach  
  159  8:52  Spine Crawler, Roach  
  164  8:55  Roach  
  164  9:03  Spine Crawler  
  164  9:04  Roach x3  
  164  9:05  Spine Crawler  
  164  9:06  Overlord  
  164  9:09  Ravager  
  169  9:14  Roach x2  
  171  9:19  Roach x2  
  171  9:23  Overlord  
  173  9:27  Roach x2  
  177  9:33  Ravager  
  177  9:35  Roach x3  
  184  9:39  Drone x2  
  184  9:46  Roach x3  
  184  9:49  Roach  
  162  9:56  Roach x2  
  152  10:01  Roach  
  146  10:09  Roach x2  
  146  10:10  Roach  
  148  10:16  Zerg Ground Armor Level 1, Queen  
  148  10:19  Roach  
  148  10:20  Roach x2  
  155  10:28  Drone x2  
  155  10:29  Drone x4  
  155  10:34  Roach x3  
  166  10:39  Ravager x3  
  166  10:42  Extractor  
  168  10:48  Roach x3  
  168  10:49  Roach  
  176  10:58  Overlord  
  176  10:59  Ravager  
  176  11:00  Ravager  
  176  11:02  Roach x4  
  185  11:12  Overlord  
  185  11:14  Hatchery  
  185  11:17  Roach x4  
  192  11:21  Burrow  
  192  11:26  Tunneling Claws  
  192  11:29  Roach  
  194  11:37  Roach  
  194  11:38  Roach x2  
  198  11:54  Pneumatized Carapace, Infestation Pit  
  179  12:02  Roach x9  
  179  12:03  Roach x2  
  191  12:09  Overseer  
  191  12:17  Ravager  
  191  12:18  Ravager  
  191  12:19  Overseer  
  191  12:20  Drone  
  191  12:21  Drone x2  
  196  12:25  Roach x2  
  196  12:27  Overseer  
  200  12:41  Overseer  
  200  12:48  Roach x2  
  198  12:54  Zerg Ground Armor Level 2  
  199  12:58  Drone x2  
  199  13:01  Extractor, Hydralisk Den  
  198  13:14  Roach x18  
  198  13:27  Hive  
  188  13:43  Lurker Den  
  188  13:44  Muscular Augments  
  179  13:56  Hydralisk x3  
  179  13:57  Hydralisk x5  
  179  14:01  Drone  
  179  14:02  Drone x4  
  193  14:04  Drone, Extractor  
  193  14:05  Drone x2  
  193  14:06  Drone x3  
  193  14:08  Spore Crawler x2  
  193  14:09  Spore Crawler  
  195  14:10  Spore Crawler  
  195  14:11  Spine Crawler  
  195  14:14  Overseer x2  
  193  14:30  Drone x3  
  198  14:32  Spine Crawler  
  198  14:33  Spore Crawler  
  198  14:35  Spore Crawler  
  192  14:40  Seismic Spines  
  192  14:41  Lurker  
  192  14:42  Lurker x7  
  192  14:54  Viper x3  
  192  14:59  Drone x3  
  200  15:10  Zerg Missile Weapons Level 3  
  198  15:22  Grooved Spines  
  198  15:23  Overlord, Roach x15  
  198  15:24  Overlord  
  198  15:27  Overseer x4  
  198  15:38  Overlord, Adaptive Talons  
  198  15:48  Hydralisk  
  200  15:51  Evolution Chamber  
  200  15:52  Drone  
  200  15:58  Spore Crawler  
  200  15:59  Spore Crawler  
  198  16:06  Roach x14  
  198  16:08  Roach x2  
  198  16:09  Roach  
  186  16:27  Hatchery  
  186  16:32  Hydralisk x9  
  169  16:34  Hydralisk x5  
  169  16:35  Hydralisk  
  169  16:36  Viper x2  
  174  16:50  Hydralisk x7  
  158  17:03  Hydralisk x6  
  158  17:04  Roach x3  
  165  17:10  Roach x9  
  165  17:13  Roach x2  
  181  17:16  Overlord  
  181  17:17  Roach x2  
  173  17:28  Roach x3  
  173  17:38  Roach x3  
  173  17:43  Roach x4  
  187  17:45  Roach  
  187  17:57  Overseer x3  
  187  18:02  Roach x4  
  172  18:07  Drone x5  
  172  18:08  Drone x2  
Tags
 
Add a new tag
Caveats
  • Supply blocks, unpowered buildings, or Contaminate may cause inaccurate times.
  • Supply counts are checked every 10 seconds.